 Dungeon Sprint DCSS version 0.23-a0-117-gebca68c (webtiles) character file.

3500000 Fang the Axe Maniac (level 20, -23/216 HPs)
             Began as a Minotaur Gladiator on Aug 23, 2018.
             Was a High Priest of Makhleb.
             Annihilated by The Servant
             ... wielding a +9 glaive of flaming
              (125 damage)
             ... in the Dungeon (Sprint VIII: "Arena of Blood").
             The game lasted 00:01:04 (35 turns).

Fang the Axe Maniac (Minotaur Gladiator)              Turns: 35, Time: 00:01:05

Health: -23/216    AC:  6    Str: 28    XL:     20   Next: 54%
Magic:  18/41      EV: 28    Int:  5    God:    Makhleb [*****.]
Gold:   0          SH:  0    Dex: 12    Spells: 55/55 levels left

rFire    . . .     SeeInvis .   l - +∞ Axe of Woe
rCold    . . .     Gourm    .   (shield currently unavailable)
rNeg     . . .     Faith    .   b - +0 leather armour
rPois    .         Spirit   .   c - +0 hat
rElec    .         Reflect  .   (no cloak)
rCorr    .         Harm     .   (no gloves)
MR       +....     NoTele   +   (no boots)
Stlth    ++++++++..             (no amulet)
HPRegen  0.46/turn              (no ring)
MPRegen  0.27/turn              (no ring)

@: no status effects
A: retaliatory headbutt, horns 2
a: Minor Destruction, Lesser Servant of Makhleb, Major Destruction, Greater
Servant of Makhleb, Renounce Religion


You were in the Dungeon.
You worshipped Makhleb.
Makhleb was extremely pleased with you.
You were not hungry.

You visited 1 branch

Inventory:

Hand Weapons
 l - the +∞ Axe of Woe (weapon)
   (You found it in the Dungeon)
Missiles
 d - 3 throwing nets (quivered)
Armour
 b - a +0 leather armour (worn)
 c - a +0 hat (worn)
Scrolls
 k - a scroll of blinking
Potions
 e - a potion of curing
 g - a potion of heal wounds
 h - a potion of haste
 i - 2 potions of magic
 j - a potion of berserk rage
Comestibles
 f - a ration


   Skills:
 O Level 27 Fighting
 O Level 27 Axes
 O Level 27 Throwing
 O Level 27 Armour
 O Level 27 Dodging
 + Level 22.6 Stealth
 + Level 25.9 Unarmed Combat
 + Level 18.3 Spellcasting
 + Level 24.2 Invocations


You had 55 spell levels left.
You didn't know any spells.
Your spell library was empty.

Dungeon Overview and Level Annotations

Branches:
Dungeon (1/1)

Altars:
Makhleb

Annotations:
D The Servant


Innate Abilities, Weirdness & Mutations

You reflexively headbutt those who attack you in melee.
You have a pair of horns on your head.


Message History

The crawling corpse is destroyed!
The corpses begin to drag themselves along the ground! 2 crawling corpses come into view.
Things that are here:
a +9 war axe; a +30 ring of slaying You slash the bag of meat!
You cleave the bag of meat in twain.
You kill the bag of meat!
Makhleb accepts your kill.
Your Stealth skill increases to level 22!
Your Spellcasting skill increases to level 18!
Your Invocations skill increases to level 24!
You hit the crawling corpse.
You chop the crawling corpse into pieces.
You destroy the crawling corpse!
A bag of meat comes into view. It is wielding a +9 war axe.
You hear a shout!
The large bag of meat is engulfed in blazing flames.
The Servant hits you from afar with a +9 glaive of flaming!!!!
Ouch! That really hurt!
You die...

...o......%....
...............
#....oz........
V.%..........
....§......%
#..%§§..# ..
#))O§§%.#
...###.@z§§..###.
.....@))###......
#...V.)))_......
......#)x...#...
....x.#_)<._#
......#)....#..
#........_......
........###......
...###.).....###.


You could see The Servant, a destroyer, 2 sculptors of flesh, a large bag of
meat (inner flame), 2 bags of meat and 2 crawling corpses.

Vanquished Creatures
  2 vampire knights (D)
  4 ogres (D)
  A two-headed ogre (D)
  13 orcs (D)
  3 crawling corpses (D)
23 creatures vanquished.

Vanquished Creatures (others)
  A crawling corpse (D)
1 creature vanquished.

Grand Total: 24 creatures vanquished

Notes
Turn   | Place    | Note
-------+----------+-------------------------------------------
     0 | D        | Found the +∞ Axe of Woe
     0 | D        | Fang the Minotaur Gladiator began the quest for the Orb.
     0 | D        | Reached XP level 1. HP: 18/18 MP: 0/0
     1 | D        | Noticed a bag of meat
     2 | D        | Noticed a bag of meat
     3 | D        | Noticed a bag of meat
     4 | D        | Noticed a bag of meat
     4 | D        | Noticed a bag of meat
     4 | D        | Noticed a bag of meat
     5 | D        | Killed a bag of meat
     5 | D        | Reached XP level 2. HP: 40/40 MP: 1/1
     5 | D        | Reached XP level 3. HP: 47/47 MP: 2/2
     5 | D        | Reached XP level 4. HP: 55/55 MP: 3/3
     5 | D        | Reached XP level 5. HP: 61/61 MP: 4/4
     5 | D        | Reached XP level 6. HP: 68/68 MP: 5/5
     5 | D        | Reached XP level 7. HP: 74/74 MP: 6/6
     5 | D        | Reached XP level 8. HP: 82/82 MP: 7/7
     5 | D        | Reached XP level 9. HP: 89/89 MP: 8/8
     5 | D        | Reached XP level 10. HP: 96/96 MP: 9/9
     5 | D        | Reached XP level 11. HP: 103/103 MP: 10/10
     6 | D        | Noticed a meat berserker
     6 | D        | Noticed a bag of meat
     8 | D        | Became a worshipper of Makhleb the Destroyer
     9 | D        | Killed a bag of meat
     9 | D        | Reached XP level 12. HP: 75/115 MP: 11/11
     9 | D        | Killed a bag of meat
     9 | D        | Reached * piety under Makhleb
     9 | D        | Reached XP level 13. HP: 81/125 MP: 12/12
    10 | D        | Killed a bag of meat
    10 | D        | Reached skill level 27 in Axes
    10 | D        | Reached XP level 14. HP: 89/137 MP: 13/13
    10 | D        | Killed a bag of meat
    10 | D        | Killed a bag of meat
    10 | D        | Reached ** piety under Makhleb
    10 | D        | Reached skill level 27 in Dodging
    10 | D        | Reached XP level 15. HP: 151/155 MP: 14/14
    11 | D        | Killed a meat berserker
    11 | D        | Reached skill level 27 in Fighting
    11 | D        | Reached XP level 16. HP: 178/183 MP: 15/15
    15 | D        | Reached *** piety under Makhleb
    16 | D        | Noticed a meat berserker
    17 | D        | Noticed a meat berserker
    20 | D        | Killed a meat berserker
    20 | D        | Reached skill level 27 in Throwing
    20 | D        | Reached XP level 17. HP: 134/191 MP: 16/16
    21 | D        | Noticed a destroyer
    22 | D        | Noticed a meat berserker
    23 | D        | Killed a meat berserker
    23 | D        | Reached **** piety under Makhleb
    23 | D        | Reached skill level 27 in Armour
    24 | D        | Noticed a large bag of meat
    24 | D        | Noticed a destroyer
    25 | D        | Reached skill level 10 in Unarmed Combat
    25 | D        | Reached skill level 10 in Invocations
    25 | D        | Reached XP level 18. HP: 172/200 MP: 16/27
    27 | D        | Killed a destroyer
    27 | D        | Reached skill level 15 in Invocations
    27 | D        | Noticed a destroyer
    28 | D        | Noticed a large bag of meat
    29 | D        | Killed a meat berserker
    29 | D        | Reached XP level 19. HP: 166/207 MP: 16/35
    30 | D        | Killed a destroyer
    30 | D        | Reached ***** piety under Makhleb
    30 | D        | Reached skill level 15 in Spellcasting
    30 | D        | Noticed The Servant
    31 | D        | Noticed a destroyer
    32 | D        | Killed a large bag of meat
    32 | D        | Reached XP level 20. HP: 127/216 MP: 17/40
    35 | D        | Annihilated by The Servant

Vault maps used:
D:        meatsprint

Skill      XL: |  1  2  3  4  5  6  7  8  9 10 11 12 13 14 15 16 17 18 19 20 |
---------------+-------------------------------------------------------------+-----
Fighting       | 11 13 14 16 20 27 | 27.0
Axes           | 21 23 25 27 | 27.0
Throwing       | 9 11 12 13 16 21 27 | 27.0
Dodging        | 18 21 22 24 27 | 27.0
Armour         | 16 27 | 27.0
Stealth        | 9 16 21 22 | 22.6
Unarmed Combat | 10 19 24 25 | 25.9
Spellcasting   | 7 13 17 18 | 18.3
Invocations    | 10 17 22 24 | 24.2

Action                   |  1- 3 |  4- 6 |  7- 9 | 10-12 | 13-15 | 16-18 | 19-21 || total
-------------------------+-------+-------+-------+-------+-------+-------+-------++-------
Melee: Executioner's axe |     1 |       |       |     1 |     2 |     7 |     4 ||    15
Dodge: Dodged            |       |       |       |       |       |     1 |     2 ||     3

Table legend:
 A = Non-vault XP
 B = Vault XP
 C = Vault XP percentage of total XP
 D = Non-vault monster count
 E = Vault monster count
 F = Vault count percentage of total count
                 A         B        C        D         E       F
            +---------+---------+-------+---------+---------+-------
      Total |  235490 |  299638 |  56.0 |       7 |      13 |  65.0
            +---------+---------+-------+---------+---------+-------
          D |  235490 |  299638 |  56.0 |       7 |      13 |  65.0
            +---------+---------+-------+---------+---------+-------
